 Dungeon Crawl Stone Soup version 0.30-a0-860-g512cf1e979 (webtiles) character file.

Game seed: 16957275197847520493

15 Darius099 the Caller (level 2, -2/17 HPs)
             Began as an Octopode Summoner on Mar 7, 2023.
             Slain by Jessica
             ... wielding a +0 club
              (8 damage)
             ... on level 2 of the Dungeon.
             The game lasted 00:01:38 (733 turns).

Darius099 the Caller (Octopode Summoner)             Turns: 733, Time: 00:01:38

Health: -2/17      AC:  1    Str:  7    XL:     2   Next: 50%
Magic:  2/5        EV: 13    Int: 17    God:
Gold:   43         SH:  0    Dex: 12    Spells: 2/5 levels left

rFire   . . .      SeeInvis .    (no weapon)
rCold   . . .      Faith    .    (no shield)
rNeg    . . .      Spirit   .    (helmet restricted)
rPois   .          Reflect  .    h - amulet of magic regeneration
rElec   .          Rampage  .    (no ring)
rCorr   .                        (no ring)
Will    .....                    (no ring)
Stlth   +++                      (no ring)
HPRegen 0.22/turn                (no ring)
MPRegen 0.49/turn                (no ring)
                                 (no ring)
                                 (no ring)

@: no status effects
A: almost no armour, amphibious, 8 rings, camouflage 1, gelatinous body 1,
(nimble swimmer 1), tentacles
a: no special abilities


You were on level 2 of the Dungeon.
You visited 1 branch of the dungeon, and saw 2 of its levels.

You collected 43 gold pieces.

Inventory:

Jewellery
 h - an amulet of magic regeneration (around mantle)
 i - a ring of magical power
Scrolls
 b - a scroll of acquirement {unknown}
 c - 2 scrolls of teleportation {unknown}
 e - a scroll of identify {unknown}
 f - a scroll of immolation {unknown}
Potions
 a - a potion of magic
 d - 3 potions of curing {unknown}
 g - a potion of mutation {unknown}


   Skills:
 - Level 2.1 Dodging
 + Level 3.2 Stealth
 + Level 2.2 Spellcasting
 + Level 4.1 Summonings


You had 2 spell levels left.
You knew the following spells:

 Your Spells              Type           Power      Damage    Failure   Level
a - Summon Small Mammal   Summ           64%        N/A       3%          1
b - Call Imp              Summ           16%        N/A       4%          2

Your spell library contained the following spells:

 Spells                   Type           Power      Damage    Failure   Level
 Call Canine Familiar     Summ           16%        N/A       10%         3
 Summon Guardian Golem    Hex/Summ       9%         N/A       24%         3
 Frozen Ramparts          Ice            2%         1d1       50%         3
 Summon Ice Beast         Ice/Summ       9%         N/A       63%         4
 Summon Lightning Spire   Summ/Air       9%         N/A       63%         4
 Ice Form                 Ice/Tmut       1%         N/A       88%         4


Dungeon Overview and Level Annotations

Branches:
Dungeon (2/15)

Altars:

Annotations:
D:2 Jessica


Innate Abilities, Weirdness & Mutations

You cannot wear most types of armour.
You are amphibious.
You can wear up to eight rings at the same time.
Your skin changes colour to match your surroundings (Stealth+).
Your rubbery body absorbs attacks. (AC +1, EV +1)
((You are camouflaged when in or above water. (Stealth+)))
You have tentacles for arms and can constrict up to eight enemies at once.


Message History

Jessica mumbles some strange words.
Jessica seems to speed up.
Casting: Call Imp (safe; 4% risk of failure)
Confirm with . or Enter, or press ? or * to list all spells.
A beastly little devil appears in a puff of flame.
Your bat hits Jessica but does no damage.
Jessica casts a spell.
Jessica blinks!
Your bat hits Jessica but does no damage.
Your bat barely misses Jessica.
Jessica hits your bat with a +0 club.
Your bat dies!
Your bat's corpse disappears in a puff of smoke!
Your rat bites Jessica.
Jessica completely misses your crimson imp.
Your crimson imp barely misses Jessica.
Your rat barely misses Jessica.
Casting: Call Imp (safe; 4% risk of failure)
Confirm with . or Enter, or press ? or * to list all spells.
Jessica hits your crimson imp with a +0 club.
Jessica closely misses your crimson imp.
Your rat bites Jessica.
Your crimson imp hits Jessica.
Unknown command.
Jessica hits your rat with a +0 club!
Your rat dies!
Your rat's corpse disappears in a puff of smoke!
Your crimson imp barely misses Jessica.
Your rat closely misses Jessica.
Casting: Summon Small Mammal (safe; 3% risk of failure)
Confirm with . or Enter, or press ? or * to list all spells.
Your rat bites Jessica.
Jessica hits you with a +0 club.
Your crimson imp misses Jessica.
Your magical contamination has completely faded away.
You tentacle-slap Jessica but do no damage.
Your grab misses Jessica.
Jessica is moderately wounded.
Jessica hits you with a +0 club!
Your rat misses Jessica.
Your rat bites Jessica.
Your crimson imp completely misses Jessica.
You barely miss Jessica. Your grab misses Jessica.
Jessica is severely wounded.
Jessica hits you with a +0 club!
You die...

#<.# ##### #..#
...# #..#
#(#####>.#
#........#
#!.####.## #.?#
#.#
##.##r5####.#
#....@@.....#
....###..r.....
## #########


You could see Jessica (fast, ally target), a friendly crimson imp (summoned) and
2 friendly rats.

Vanquished Creatures
  A dart slug (D:1)
  A goblin (D:1)
  A hobgoblin (D:1)
  A quokka (D:1)
  A bat (D:1)
  A frilled lizard (D:1)
  A kobold (D:1)
  3 rats (D:1)
10 creatures vanquished.

Vanquished Creatures (collateral kills)
  An endoplasm (D:1)
  A goblin (D:1)
  A bat (D:1)
  A frilled lizard (D:1)
4 creatures vanquished.

Grand Total: 14 creatures vanquished

Notes
Turn   | Place    | Note
-------+----------+-------------------------------------------
     0 | D:1      | Darius099 the Octopode Summoner began the quest for the
                  | Orb.
     0 | D:1      | Reached XP level 1. HP: 11/11 MP: 3/3
   316 | D:1      | Reached XP level 2. HP: 17/17 MP: 5/5
   714 | D:2      | Learned a level 2 spell: Call Imp
   722 | D:2      | Noticed Jessica
   733 | D:2      | Slain by Jessica

Illustrated notes

Levels and vault maps discovered:
D:1:      amcnicky_arrival_gap_in_the_tavern_cellar, layout_loops_ring
D:2:      layout_loops_ring, uniq_jessica

Skill      XL: |  1 |
---------------+----+-----
Stealth        | 3 |  3.2
Dodging        | |  2.1
Spellcasting   | |  2.2
Summonings     | |  4.1

Action                     || total
---------------------------++-------
  Melee: Unarmed           ||    31
         Tentacles         ||    10
         Constrict         ||     9
   Cast: Summon Small Mamm ||     9
         Call Imp          ||     1
   Stab: Sleeping          ||     2
 Armour: Skin              ||     3
  Dodge: Dodged            ||    19

Table legend: (Time is in decaauts)
 A = Elapsed time spent in this place.
 B = Non-inter-level travel time spent in this place.
 C = Inter-level travel time spent in this place.
 D = Time resting spent in this place.
 E = Time spent auto-exploring this place.
 F = Levels seen in this place.
 G = Mean time per level.
                   A        B        C        D        E       F      G
               +--------+--------+--------+--------+--------+-----+--------+
         Total |    732 |    692 |     40 |      0 |    538 |   2 |  366.0 |
       Dungeon |    732 |    692 |     40 |      0 |    538 |   2 |  366.0 |
               +--------+--------+--------+--------+--------+-----+--------+

Top non-repeatable levels by time:
     D:1: 710 daAuts
     D:2: 22 daAuts
